 Dungeon Crawl Stone Soup version 0.28-a0-461-g2dc4ca5097 (webtiles) character file.

Game seed: 1682246883266930287

1743 olmar the Cudgeller (level 9, -8/55 HPs)
             Began as a Gargoyle Fighter on Sept 13, 2021.
             Was a Follower of Yredelemnul.
             Killed from afar by Pikel (37 damage)
             ... with a bolt of acid
             ... on level 6 of the Dungeon.
             The game lasted 00:12:30 (6085 turns).

olmar the Cudgeller (Gargoyle Fighter)              Turns: 6085, Time: 00:12:30

Health: -8/55      AC: 12    Str: 22    XL:     9   Next: 6%
Magic:  12/12      EV:  8    Int: 10    God:    Yredelemnul [*.....]
Gold:   252        SH:  4    Dex:  9    Spells: 8/8 levels left

rFire   . . .      SeeInvis +   a - +1 flail
rCold   . . .      Faith    +   c - +0 buckler
rNeg    + . .      Spirit   .   i - +0 chain mail
rPois   ∞          Reflect  .   (no helmet)
rElec   +          Harm     .   (no cloak)
rCorr   .          Rampage  .   (no gloves)
Will    +....                   (no boots)
Stlth   ..........              q - amulet of faith
HPRegen 0.18/turn               r - ring of willpower
MPRegen 0.13/turn               s - ring of see invisible

@: mirroring injuries, corroded
A: sickness immunity, AC +6, negative energy resistance 1, electricity
resistance, torment resistance 1, petrification resistance
a: Renounce Religion, Animate Remains


You were on level 6 of the Dungeon.
You worshipped Yredelemnul.
Yredelemnul was aware of your devotion.
You visited 1 branch of the dungeon, and saw 6 of its levels.

You collected 252 gold pieces.

Inventory:

Hand Weapons
 a - a +1 flail (weapon)
Armour
 b - a +0 scale mail
 c - a +0 buckler (worn)
 i - a +0 chain mail (worn)
Jewellery
 q - an amulet of faith (around neck)
 r - a ring of willpower (left hand)
 s - a ring of see invisible (right hand)
Scrolls
 e - a scroll of silence {unknown}
 f - a scroll of enchant armour
 g - a scroll of immolation {unknown}
 h - a scroll of brand weapon {unknown}
 j - 5 scrolls of identify
 k - a scroll of magic mapping {unknown}
 l - a scroll of blinking {unknown}
 n - a scroll of teleportation {unknown}
 p - a scroll of holy word {unknown}
Potions
 d - a potion of might
 m - a potion of heal wounds {unknown}
 o - a potion of attraction


   Skills:
 + Level 6.0 Fighting
 + Level 7.0 Maces & Flails
 + Level 6.9 Armour
 + Level 5.3 Shields
 + Level 4.0 Invocations
 - Level 0.3 Evocations


You had 8 spell levels left.
You didn't know any spells.
Your spell library contained the following spells:

 Spells                   Type           Power      Damage    Failure   Level
 Beastly Appendage        Tmut           0%         N/A       95%         1
 Wereblood                Tmut           0%         N/A       99%         2
 Spider Form              Tmut/Pois      0%         N/A       100%        3


Dungeon Overview and Level Annotations

Branches:
Dungeon (6/15)
 Temple: D:4-7

Altars:
Okawaru
Uskayaw
Vehumet
Yredelemnul

Shops:
D:4 *   D:5 *

Annotations:
D:6 Pikel


Innate Abilities, Weirdness & Mutations

You are immune to sickness and miasma.
Your stone body is resilient. (AC +6)
You are immune to poison.
You resist negative energy. (rN+)
You are resistant to electric shocks. (rElec)
You are resistant to unholy torment.
You are immune to petrification.


Message History

The bolt of acid hits your orc wizard zombie!!!
The acid corrodes your orc wizard zombie!
Your orc wizard zombie is destroyed!
Pikel hits you but does no damage.
You see here an adder corpse.
Unknown command.
You offer yourself to Yredelemnul, and are filled with unholy energy.
Pikel hits you but does no damage.
You hit Pikel.
Pikel is lightly wounded.
Pikel hits you with a +2 whip of flaming.
Pikel burns you. Yredelemnul mirrors your injury!
Pikel is moderately wounded.
You can no longer recall your undead slaves.
You can no longer mirror injuries on your foes.
You hit Pikel but do no damage.
Pikel is moderately wounded.
Pikel zaps a wand.
The bolt of acid hits you!! The acid corrodes you!
The bolt of acid hits your orc warrior zombie!!
The acid corrodes your orc warrior zombie!
Your orc warrior zombie is destroyed!
Unknown command.
You closely miss Pikel.
Pikel is moderately wounded.
Pikel zaps a wand.
The bolt of acid misses you.
Unknown command.
You closely miss Pikel.
Pikel is moderately wounded.
Pikel hits you but does no damage.
Unknown command.
Your chain mail prevents you from hitting Pikel.
Pikel is lightly wounded.
Pikel barely misses you.
You sock Pikel!
Pikel is moderately wounded.
Pikel zaps a wand.
The bolt of acid hits you!!!
Ouch! That really hurt!
You die...
Your body rises from the dead as a mindless zombie.

.......## ....<..#
##.#.#.# #.....# ##...##
#...# ###...#####
..........#########5#...
.............))[@Ks5....
..........####.####5#...
###...##### #.# #...#
#.# #...# #.####.# #...#
#<...s.# ##.## #.####.#
#.# ... ... ##.ol


You could see Pikel, 3 lemures and a scorpion.

Vanquished Creatures
  Sigmund (D:5)
  Eustachio (D:5)
  A steam dragon (D:4)
  A black bear (D:5)
  An orc warrior (D:6)
  An ogre (D:4)
  A phantom (D:6)
  A lemure (D:6)
  A scorpion (D:6)
  A howler monkey (D:5)
  A bullfrog zombie (D:5)
  A jelly (D:6)
  3 orc priests
  2 bullfrog skeletons
  3 iguanas
  An orc wizard (D:6)
  A hound skeleton (D:2)
  4 adders
  3 gnolls (D:2)
  2 dart slugs
  9 orcs
  5 bats
  3 endoplasms
  6 giant cockroaches
  5 goblins
  3 hobgoblins
  9 jackals
  9 kobolds
  4 quokkas
  7 ball pythons
  4 frilled lizards
  2 quokka skeletons (D:4)
  7 rats
104 creatures vanquished.

Vanquished Creatures (collateral kills)
  Grinder (D:5)
  A black bear (D:5)
  An ice beast (D:5)
  2 adders
  An orc (D:3)
  A ball python (D:2)
  An endoplasm (D:1)
  A goblin (D:1)
  A hobgoblin (D:1)
  A jackal (D:1)
  2 frilled lizards
  2 kobolds
  A rat (D:1)
16 creatures vanquished.

Vanquished Creatures (others)
  An adder (D:6)
  A bat zombie (D:2)
  2 giant cockroach zombies (D:2)
  A goblin (D:4)
  A goblin zombie (D:4)
  An iguana zombie (D:4)
  A jackal zombie (D:3)
  A kobold zombie (D:2)
  5 orc zombies
  A rat zombie (D:2)
15 creatures vanquished.

Grand Total: 135 creatures vanquished

Notes
Turn   | Place    | Note
-------+----------+-------------------------------------------
     0 | D:1      | olmar the Gargoyle Fighter began the quest for the Orb.
     0 | D:1      | Reached XP level 1. HP: 14/14 MP: 1/1
   217 | D:1      | Found a faded altar of an unknown god.
   231 | D:1      | Reached XP level 2. HP: 19/19 MP: 2/2
   245 | D:1      | Became a worshipper of Yredelemnul the Dark
   245 | D:1      | Reached * piety under Yredelemnul
   610 | D:1      | Reached XP level 3. HP: 15/24 MP: 3/3
  1133 | D:2      | Reached XP level 4. HP: 20/29 MP: 4/4
  1337 | D:2      | Reached ** piety under Yredelemnul
  1495 | D:2      | Reached skill level 3 in Maces & Flails
  1710 | D:2      | Reached skill level 1 in Invocations
  1710 | D:2      | Reached XP level 5. HP: 26/33 MP: 5/5
  2638 | D:3      | You fall into a shaft and drop 1 floor!
  2659 | D:4      | Found an iron altar of Okawaru.
  2793 | D:4      | Reached XP level 6. HP: 25/38 MP: 7/7
  2916 | D:4      | Reached skill level 4 in Maces & Flails
  2922 | D:4      | Noticed a steam dragon
  2937 | D:4      | Killed a steam dragon
  2972 | D:4      | Reached XP level 7. HP: 17/44 MP: 6/9
  3603 | D:4      | Found Yrghef's Assorted Antiques.
  4006 | D:3      | Noticed a +0 short sword
  4006 | D:3      | Noticed a +0 dagger
  4007 | D:3      | Noticed a +0 dagger
  4007 | D:3      | Noticed a +0 spear
  4007 | D:3      | Noticed a +0 falchion
  4008 | D:3      | Noticed a +0 short sword
  4008 | D:3      | Noticed a +0 falchion
  4010 | D:3      | Found a hide-covered altar of Uskayaw.
  4010 | D:3      | Noticed a +0 spear
  4243 | D:5      | Entered Level 5 of the Dungeon
  4247 | D:5      | Noticed Eustachio
  4291 | D:5      | Killed Eustachio
  4292 | D:5      | Reached skill level 5 in Maces & Flails
  4292 | D:5      | Reached skill level 5 in Armour
  4640 | D:5      | Noticed Sigmund
  4669 | D:5      | Killed Sigmund
  4670 | D:5      | Reached skill level 5 in Fighting
  4670 | D:5      | Reached XP level 8. HP: 18/49 MP: 10/10
  4878 | D:5      | Found a radiant altar of Vehumet.
  4951 | D:5      | Noticed Grinder
  4965 | D:5      | Killed Grinder
  4966 | D:5      | Reached skill level 6 in Maces & Flails
  4966 | D:5      | Reached skill level 5 in Shields
  5252 | D:5      | Found Hoylab's Assorted Antiques.
  5754 | D:6      | Reached XP level 9. HP: 33/55 MP: 11/11
  6035 | D:6      | Reached skill level 7 in Maces & Flails
  6067 | D:6      | Noticed Pikel
  6085 | D:6      | Killed from afar by Pikel

Illustrated notes

Levels and vault maps discovered:
D:1:      wander_arrival_desolate, layout_rooms,
          chequers_ecumenical_altar_simple, chequers_serial_rivers_large_b,
          dk_noncrumbling_2, st_stairs_13, minmay_bisected
D:2:      layout_rooms, minmay_domino_4
D:3:      layout_rooms, nicolae_uskayaw_en_pointe, eino_tiny_chamber,
          st_stairs_5, minmay_tree_intersection, minivault_24
D:4:      layout_basic, okawaru_trees_1, serial_shops, shop
D:5:      layout_rooms, mainiacjoe_overflow_surrounded_room, serial_shops,
          nicolae_shop_trees, uniq_sigmund, uniq_eustachio, uniq_grinder
D:6:      layout_loops_cross, mainiacjoe_overflow_alcove_2, fedhas_altar_3,
          mainiacjoe_overflow_alcove_4, serial_shops, kennysheep_little_box,
          shop, uniq_pikel

Skill      XL: |  1  2  3  4  5  6  7  8  9 |
---------------+----------------------------+-----
Armour         | 4 5 6 |  6.9
Maces & Flails | 3 4 5 6 7 |  7.0
Fighting       | 4 5 6 |  6.0
Invocations    | 1 2 3 4 |  4.0
Shields        | 4 5 |  5.3
Evocations     | |  0.3

Action                   |  1- 3 |  4- 6 |  7- 9 || total
-------------------------+-------+-------+-------++-------
Melee: Flail             |    93 |   124 |   204 ||   421
Invok: Animate Remains   |     4 |    21 |    13 ||    38
       Injury Mirror     |       |     3 |     4 ||     7
Evoke: Wand              |       |     3 |     2 ||     5
  Use: Potion            |       |     7 |     7 ||    14
       Scroll            |       |     3 |     1 ||     4
 Stab: Distracted        |       |     1 |     1 ||     2
Armor: Scale mail        |    71 |    10 |       ||    81
       Chain mail        |       |   100 |   197 ||   297
Dodge: Dodged            |    77 |    60 |   100 ||   237
Block: Buckler           |    25 |    33 |    59 ||   117

Table legend: (Time is in decaauts)
 A = Elapsed time spent in this place.
 B = Non-inter-level travel time spent in this place.
 C = Inter-level travel time spent in this place.
 D = Time resting spent in this place.
 E = Time spent auto-exploring this place.
 F = Levels seen in this place.
 G = Mean time per level.
                   A        B        C        D        E       F      G
               +--------+--------+--------+--------+--------+-----+--------+
         Total |   6193 |   5999 |    194 |    889 |   3964 |   6 | 1032.2 |
       Dungeon |   6193 |   5999 |    194 |    889 |   3964 |   6 | 1032.2 |
               +--------+--------+--------+--------+--------+-----+--------+

Top non-repeatable levels by time:
     D:5: 1317 daAuts
     D:4: 1305 daAuts
     D:1: 1268 daAuts
     D:3: 911 daAuts
     D:2: 857 daAuts
     D:6: 533 daAuts
